 Dungeon Crawl Stone Soup version 0.26-a0-663-g36e8fdb655 (webtiles) character file.

Game seed: 18240546625354018009

349 jasper the Chopper (level 6, 0/42 HPs)
             Began as a Demonspawn Abyssal Knight on Oct 11, 2020.
             Was a Priest of Lugonu.
             Succumbed to a scorpion's poison
             ... on level 4 of the Dungeon.
             The game lasted 00:06:23 (3979 turns).

jasper the Chopper (Demonspawn Abyssal Knight)      Turns: 3979, Time: 00:06:24

Health: 0/42       AC:  4    Str: 12 (15) XL:     6   Next: 33%
Magic:  7/7        EV:  9    Int: 11 (13) God:    Lugonu [***...]
Gold:   130        SH:  4    Dex: 12 (14) Spells: 5/5 levels left

rFire    + . .     SeeInvis .   f - +3 hand axe
rCold    . . .     Faith    .   (no shield)
rNeg     . . .     Spirit   .   o - +0 scale mail
rPois    .         Reflect  .   (no helmet)
rElec    .         Harm     .   (no cloak)
rCorr    .         Rampage  .   r - +0 pair of gloves
MR       .....                  (no boots)
Stlth    ..........             (no amulet)
HPRegen  0.14/turn              v - ring of protection from fire
MPRegen  0.10/turn              (no ring)

@: brilliant, lethally poisoned (0 -> -6), very slightly contaminated, invisible
A: talons 2, large bone plates 1, agile 1, deformed body, frail 1
a: Depart the Abyss, Bend Space, Banish, Renounce Religion


You were on level 4 of the Dungeon.
You worshipped Lugonu.
Lugonu was most pleased with you.
You visited 1 branch of the dungeon, and saw 4 of its levels.
You visited the Abyss 1 time.

You collected 130 gold pieces.

Inventory:

Hand Weapons
 a - a +1 hand axe
 b - a +0 hunting sling
 f - a +3 hand axe (weapon)
 u - a +0 flail
Missiles
 e - 79 stones (quivered)
 l - 28 poisoned darts
Armour
 i - a +0 ring mail
 o - a +0 scale mail (worn)
 p - a +0 leather armour
 r - a +0 pair of gloves (worn)
Jewellery
 v - a ring of protection from fire (left hand)
Scrolls
 c - 3 scrolls of teleportation {unknown}
 d - 4 scrolls of remove curse {unknown}
 h - a scroll of enchant weapon {unknown}
 j - 2 scrolls of identify {unknown}
 k - a scroll of enchant armour {unknown}
 t - a scroll of fog {unknown}
Potions
 q - a potion of invisibility


   Skills:
 - Level 3.0 Fighting
 + Level 6.2 Axes
 - Level 1.7 Armour
 - Level 0.8 Dodging
 - Level 2.4 Invocations


You had 5 spell levels left.
You didn't know any spells.
Your spell library was empty.

Dungeon Overview and Level Annotations

Branches:
Dungeon (4/15)
 Temple: D:4-7

Altars:
Hepliaklqana
Yredelemnul
Zin


Innate Abilities, Weirdness & Mutations

You have razor-sharp toenails.
You are partially covered in large bone plates. (SH +4)
You are agile. (Dex +2)
Armour fits poorly on your strangely shaped body.
You are frail. (-10% HP)


Message History

You feel sick.
You take 1 damage, and have 6/42 hp.
* * * LOW HITPOINT WARNING * * *
You feel sick.
You take 1 damage, and have 5/42 hp.
* * * LOW HITPOINT WARNING * * *
You feel sick.
You take 1 damage, and have 4/42 hp.
* * * LOW HITPOINT WARNING * * *
You feel sick.
You take 1 damage, and have 3/42 hp.
* * * LOW HITPOINT WARNING * * *
You feel sick.
* * * LOW HITPOINT WARNING * * *
You feel sick.
You take 1 damage, and have 2/42 hp.
* * * LOW HITPOINT WARNING * * *
You feel sick.
You take 1 damage, and have 1/42 hp.
You die...

#... ####.##### #..# .......@.#
..#..# .....###.## ...#..# ...
#.#. ...#... . #.#. #...##.# #
#.#.##...##.#.# +
#.#........<..#
##.(############.##...........#
..$.............................
####<########.##.†...$.......


There were no monsters in sight!

Vanquished Creatures
  A scorpion (D:4)
  A hound (D:3)
  A bullfrog skeleton (D:4)
  2 orc wizards (D:4)
  A worker ant (D:4)
  9 adders
  A white imp (D:4)
  2 worms (D:2)
  A dart slug (D:2)
  8 orcs
  2 giant cockroaches
  2 gnoll zombies (D:3)
  7 goblins
  7 hobgoblins
  4 jackals (D:3)
  11 kobolds
  A quokka (D:2)
  2 ball pythons
  7 bats
  6 frilled lizards
  8 rats
84 creatures vanquished.

Vanquished Creatures (others)
  An orc wizard (D:4)
1 creature vanquished.

Grand Total: 85 creatures vanquished

Notes
Turn   | Place    | Note
-------+----------+-------------------------------------------
     0 | Abyss:1  | jasper the Demonspawn Abyssal Knight began the quest for
                  | the Orb.
     0 | Abyss:1  | Reached XP level 1. HP: 18/18 MP: 2/2
    59 | Abyss:1  | Noticed a large abomination
    62 | D:1      | Escaped the Abyss
   141 | D:1      | Reached * piety under Lugonu
   141 | D:1      | Reached skill level 2 in Axes
   288 | D:1      | Gained mutation: You have sharp toenails. [demonic
                  | ancestry]
   288 | D:1      | Reached XP level 2. HP: 19/24 MP: 3/3
   778 | D:1      | Reached skill level 3 in Axes
  1364 | D:2      | Reached XP level 3. HP: 29/29 MP: 4/4
  1447 | D:2      | Reached ** piety under Lugonu
  1894 | D:2      | Found a faded altar of an unknown god.
  2179 | D:3      | Reached skill level 4 in Axes
  2179 | D:3      | Reached XP level 4. HP: 9/35 MP: 5/5
  2499 | D:3      | Found a glowing silver altar of Zin.
  2625 | D:3      | Found a hazy altar of Hepliaklqana.
  2967 | D:3      | Gained mutation: You are partially covered in large bone
                  | plates. (SH +4) [demonic ancestry]
  2967 | D:3      | Reached XP level 5. HP: 41/41 MP: 6/6
  3079 | D:3      | Found a basalt altar of Yredelemnul.
  3438 | D:3      | Reached skill level 5 in Axes
  3690 | D:4      | Reached *** piety under Lugonu
  3698 | D:4      | Noticed a phantom
  3748 | D:4      | Gained mutation: You have razor-sharp toenails. [demonic
                  | ancestry]
  3748 | D:4      | Reached XP level 6. HP: 32/47 MP: 7/7
  3776 | D:4      | Reached skill level 6 in Axes
  3967 | D:4      | Gained mutation: Armour fits poorly on your strangely
                  | shaped body. [potion of mutation]
  3967 | D:4      | Gained mutation: You are frail. (-10% HP) [potion of
                  | mutation]
  3967 | D:4      | Gained mutation: You are agile. (Dex +2) [potion of
                  | mutation]
  3976 | D:4      | HP: 2/42 [poisoned by a scorpion]
  3979 | D:4      | Succumbed to a scorpion's poison

Illustrated notes

Levels and vault maps discovered:
D:1:      matt_arrival_spirals, layout_basic
D:2:      layout_basic, chequers_ecumenical_altar_simple
D:3:      layout_loops_cross, lemuel_zombie_altar_yredelemnul,
          grunt_temple_overflow_open
D:4:      kennysheep_goblin_castle, layout_basic, kennysheep_mini_moat,
          nicolae_overflow_hidden_temple, serial_shops, shop

Skill      XL: |  1  2  3  4  5  6 |
---------------+-------------------+-----
Axes           | 2 3 4 5 6 |  6.2
Fighting       | |  3.0
Armour         | |  1.7
Dodging        | |  0.8
Invocations    | |  2.4

Action                   |  1- 3 |  4- 6 || total
-------------------------+-------+-------++-------
Melee: Hand axe          |   112 |   163 ||   275
       Kick              |    15 |    19 ||    34
 Fire: Hunting sling     |       |    38 ||    38
Throw: Dart              |    28 |    10 ||    38
       Stone             |       |     2 ||     2
Invok: Depart the Abyss  |     1 |       ||     1
  Use: Potion            |     1 |     8 ||     9
       Scroll            |       |     1 ||     1
 Stab: Invisible         |       |     2 ||     2
Armor: Leather armour    |    30 |       ||    30
       Ring mail         |    20 |       ||    20
       Skin              |     4 |    44 ||    48
       Scale mail        |       |    40 ||    40
Dodge: Dodged            |    83 |    37 ||   120
Block: Other             |       |    13 ||    13

Table legend: (Time is in decaauts)
 A = Elapsed time spent in this place.
 B = Non-inter-level travel time spent in this place.
 C = Inter-level travel time spent in this place.
 D = Time resting spent in this place.
 E = Time spent auto-exploring this place.
 F = Levels seen in this place.
 G = Mean time per level.
                   A        B        C        D        E       F      G
               +--------+--------+--------+--------+--------+-----+--------+
         Total |   3996 |   3916 |     80 |    712 |   2490 |   5 |  799.2 |
       Dungeon |   3934 |   3854 |     80 |    712 |   2432 |   4 |  983.5 |
         Abyss |     62 |     62 |      0 |      0 |     58 |   1 |   62.0 |
               +--------+--------+--------+--------+--------+-----+--------+

Top non-repeatable levels by time:
     D:3: 1281 daAuts
     D:2: 1205 daAuts
     D:1: 1131 daAuts
     D:4: 316 daAuts
 Abyss:1: 62 daAuts
